 Dungeon Crawl Stone Soup version 0.18.1-48-g4cf74bf (webtiles) character file.

1151 tyranidshit the Skirmisher (level 8, 0/76 HPs)
             Began as a Deep Dwarf Necromancer on July 10, 2016.
             Slain by junkhipster's ghost (5 damage)
             ... on level 6 of the Dungeon.
             The game lasted 00:28:10 (4276 turns).

tyranidshit the Skirmisher (Deep Dwarf Necromancer) Turns: 4276, Time: 00:28:11

Health: 0/76       AC:  8    Str: 16    XL:     8   Next: 15%
Magic:  15/17      EV: 12    Int: 16    God:
Gold:   391        SH:  0    Dex:  9    Spells: 2 memorised, 15 levels left

rFire  . . .     SeeInvis .     y - +6 short sword "Ojuh" {freeze, rPois Str+3 Dex-5}
rCold  . . .     Gourm    .     j - +2 animal skin
rNeg   . . .     Faith    .     (no shield)
rPois  +         Spirit   .     l - +0 helmet
rElec  .         Dismiss  .     a - +2 cloak
rCorr  .         Reflect  .     (no gloves)
SustAt .         Harm     .     (no boots)
MR     +....                    x - amulet of magic regeneration
Stlth  ++........               (no ring)
                                (no ring)

@: non-regenerating, somewhat resistant to hostile enchantments, unstealthy
A: damage resistance, recharge devices, sense surroundings 1, slow regeneration
3
a: Device Recharging


You were on level 6 of the Dungeon.
You were not hungry.

You visited 1 branch of the dungeon, and saw 6 of its levels.

You collected 391 gold pieces.

Inventory:

Hand Weapons
 y - the +6 short sword "Ojuh" (weapon) {freeze, rPois Str+3 Dex-5}
   (You found it on level 4 of the Dungeon)

   It has been specially enchanted to freeze those struck by it, causing extra
   injury to most foes and up to half again as much damage against particularly
   susceptible opponents.
   It can also slow down cold-blooded creatures.
   It affects your strength (+3).
   It affects your dexterity (-5).
   It protects you from poison.
 C - a +3 flail of protection
Missiles
 u - 6 poisoned needles
Armour
 a - a +2 cloak (worn)
 j - a +2 animal skin (worn)
 l - a +0 helmet (worn)
 D - a +0 robe of resistance
Jewellery
 i - an uncursed amulet of the gourmand
 p - an uncursed amulet of dismissal
 v - an uncursed ring of poison resistance
 x - an amulet of magic regeneration (around neck)
 E - a +4 amulet of reflection
Wands
 c - a wand of heal wounds (3/9)
 w - a wand of polymorph (7/24)
Scrolls
 f - 2 scrolls of identify
 s - 2 scrolls of teleportation
 B - a scroll of recharging
Potions
 g - a potion of resistance
 o - 3 potions of might
 q - 3 potions of agility
Books
 b - a book of Necromancy

   Spells                             Type                      Level
   a - Pain                           Necromancy                   1
   b - Animate Skeleton               Necromancy                   1
   c - Vampiric Draining              Necromancy                   3
   d - Regeneration                   Charms/Necromancy            3
   e - Animate Dead                   Necromancy                   4
   f - Control Undead                 Necromancy                   4
 z - Kikubaaqudgha's Catalogue of Evil
   (You found it on level 4 of the Dungeon)

   Spells                             Type                      Level
   a - Pain                           Necromancy                   1
Comestibles
 d - a bread ration
 m - 5 meat rations
 n - a slice of pizza
 r - a royal jelly


   Skills:
 + Level 6.1 Fighting
 - Level 2.1 Dodging
 - Level 2.4 Stealth
 + Level 6.0 Spellcasting
 - Level 4.3 Necromancy


You had 15 spell levels left.
You knew the following spells:

 Your Spells              Type           Power        Failure   Level  Hunger
a - Pain                  Necr           ###.         2%          1    None
b - Vampiric Draining     Necr           ###.......   10%         3    ##.....


Dungeon Overview and Level Annotations

Branches:
Dungeon (6/15)
 Temple: D:4-7

Altars:
Ashenzari
Fedhas
Kikubaaqudgha
Pakellas
Sif Muna
Vehumet
Xom
Zin

Shops:
D:6 *

Annotations:
D:6 junkhipster's ghost, novice GrFi


Innate Abilities, Weirdness & Mutations

You are resistant to damage.
You can recharge devices by infusing magical energy.
You passively map a small area around you.
You do not regenerate naturally.


Message History

Junkhipster's ghost hits you. Junkhipster's ghost freezes you.
Junkhipster's ghost hits you. Junkhipster's ghost freezes you.
You barely miss junkhipster's ghost.
Junkhipster's ghost is lightly damaged.
Junkhipster's ghost hits you! Junkhipster's ghost freezes you.
You hit junkhipster's ghost but do no damage.
Junkhipster's ghost is lightly damaged.
You hear the brisk rusting of a very distant drain.
Junkhipster's ghost hits you!
* * * LOW HITPOINT WARNING * * *
Junkhipster's ghost freezes you.
You hit junkhipster's ghost. You freeze junkhipster's ghost.
Junkhipster's ghost is lightly damaged.
Junkhipster's ghost hits you but does no damage.
You hit junkhipster's ghost but do no damage.
Junkhipster's ghost is lightly damaged.
Junkhipster's ghost hits you!
* * * LOW HITPOINT WARNING * * *
Junkhipster's ghost freezes you.
You die...

** * * * ##### ,
#.... ,
#########.###
###............ #
#.......###.### ,
#.#####.......# #W#
#...@W....>..)# #.#
#######.....$.###.#
, , #.............#
* ,#.#.......#####
* #.######### * *
,#, * * , * *


You could see junkhipster's ghost.

Vanquished Creatures
  Menkaure (D:5)
  Edmund (D:5)
  A sky beast (D:5)
  An ogre (D:5)
  A black bear (D:6)
  A centaur (D:5)
  A scorpion (D:4)
  A centaur zombie (D:4)
  A jelly (D:6)
  3 hounds (D:4)
  An orc priest (D:4)
  2 centaur skeletons
  Natasha (D:2)
  An iguana (D:5)
  An orc wizard (D:4)
  2 worker ants (D:4)
  A hound skeleton (D:5)
  Robin (D:2)
  4 adders
  A shadow imp (D:5)
  An ooze (D:1)
  2 worms (D:3)
  2 dart slugs
  A giant gecko (D:5)
  9 orcs
  3 bats
  6 giant cockroaches
  18 goblins
  9 hobgoblins
  3 jackals (D:6)
  6 kobolds
  3 quokkas
  A giant gecko skeleton (D:6)
  A giant newt (D:1)
  A quokka zombie (D:3)
  3 rats
  A fungus (D:5)
97 creatures vanquished.

Notes
Turn   | Place    | Note
--------------------------------------------------------------
     0 | D:1      | tyranidshit the Deep Dwarf Necromancer began the quest for the Orb.
     0 | D:1      | Reached XP level 1. HP: 15/15 MP: 3/3
   124 | D:1      | Reached skill level 1 in Fighting
   124 | D:1      | Reached XP level 2. HP: 23/25 MP: 0/5
  1003 | D:2      | Noticed Robin
  1005 | D:2      | Reached XP level 3. HP: 23/31 MP: 6/6
  1034 | D:1      | Learned a level 3 spell: Vampiric Draining
  1051 | D:2      | Killed Robin
  1199 | D:2      | Found a shattered altar of Ashenzari.
  1199 | D:2      | Found a shimmering altar of Xom.
  1405 | D:2      | Reached XP level 4. HP: 9/39 MP: 0/8
  1472 | D:2      | Found a blossoming altar of Fedhas.
  1473 | D:2      | Found an oddly glowing altar of Pakellas.
  1489 | D:2      | Found a glowing silver altar of Zin.
  1708 | D:2      | Noticed Natasha
  1718 | D:2      | Killed Natasha
  2382 | D:3      | Reached XP level 5. HP: 41/48 MP: 3/9
  2599 | D:4      | Got a slimy short sword
  2600 | D:4      | Identified the +6 short sword "Ojuh" {freeze, rPois Str+3 Dex-5} (You found it on level 4 of the Dungeon)
  2753 | D:4      | Found a radiant altar of Vehumet.
  2763 | D:4      | Found an ancient bone altar of Kikubaaqudgha.
  2764 | D:4      | Found a deep blue altar of Sif Muna.
  2770 | D:4      | Identified Kikubaaqudgha's Catalogue of Evil
  2811 | D:4      | Reached XP level 6. HP: 28/57 MP: 10/12
  3208 | D:5      | Entered Level 5 of the Dungeon
  3406 | D:5      | Noticed a sky beast
  3411 | D:5      | Reached XP level 7. HP: 49/66 MP: 0/14
  3437 | D:5      | Reached skill level 5 in Spellcasting
  3462 | D:5      | Reached skill level 5 in Fighting
  3470 | D:5      | Noticed Menkaure
  3490 | D:5      | Killed Menkaure
  3640 | D:5      | Noticed Edmund
  3662 | D:5      | Killed Edmund
  3752 | D:5      | Reached XP level 8. HP: 39/76 MP: 16/16
  3908 | D:6      | Found Cefel's General Store.
  4239 | D:6      | Noticed junkhipster's ghost (novice GrFi)
  4276 | D:6      | Slain by junkhipster's ghost

Skill      XL: |  1  2  3  4  5  6  7  8 |
---------------+-------------------------+-----
Spellcasting   | 2 3 4 5 6 |  6.0
Fighting       | 1 2 3 4 5 6 |  6.1
Dodging        | |  2.1
Stealth        | |  2.4
Necromancy     | |  4.3

Action                   |  1- 3 |  4- 6 |  7- 9 || total
-------------------------+-------+-------+-------++-------
Melee: Unarmed           |     3 |       |       ||     3
       Hand axe          |    29 |    39 |       ||    68
       Dagger            |    22 |       |       ||    22
       Short sword       |       |    52 |    61 ||   113
 Fire: Blowgun           |       |     6 |       ||     6
 Cast: Pain              |    46 |    13 |     7 ||    66
       Vampiric Draining |     2 |    33 |    17 ||    52
Evoke: Wand              |     1 |       |     4 ||     5
  Use: Potion            |     6 |     6 |       ||    12
       Scroll            |     5 |     6 |     2 ||    13
 Stab: Sleeping          |       |     3 |       ||     3
       Invisible         |       |     1 |       ||     1
  Eat: Bread ration      |     1 |     2 |     1 ||     4
Armor: Animal skin       |     2 |    34 |    27 ||    63
       Robe              |     2 |       |       ||     2
Dodge: Dodged            |    46 |    84 |    46 ||   176
